 Dungeon Crawl Stone Soup version 0.30.0-3-ga4e48a9924 (webtiles) character file.

Game seed: 3508292974171205027

2887 dialectric the Fighter (level 9, -27/60 HPs)
             Began as a Gargoyle Delver on May 8, 2023.
             Was a Follower of Okawaru.
             Annihilated by a white ugly thing (29 damage)
             ... on level 7 of the Dungeon.
             The game lasted 00:10:12 (8254 turns).

dialectric the Fighter (Gargoyle Delver)            Turns: 8254, Time: 00:10:13

Health: -27/60     AC: 22    Str: 26    XL:     9   Next: 77%
Magic:  9/9        EV: 10    Int: 11    God:    Okawaru [*.....]
Gold:   443        SH:  0    Dex: 17    Spells: 8/8 levels left

rFire   . . .        b - +0 morningstar
rCold   . . .        (no shield)
rNeg    + . .        K - +0 chain mail
rPois   ∞            B - +2 hat
rElec   +            y - +0 cloak
rCorr   .            o - +0 pair of gloves
SInv    .            C - +0 pair of boots
Will    .....        (no amulet)
Stlth   +            w - +6 ring of strength
HPRegen 0.30/turn    x - +6 ring of dexterity
MPRegen 0.11/turn

%: no passive effects
@: studying Evocations
A: sickness immunity, AC +6, negative energy resistance 1, electricity
resistance, torment resistance 1, petrification resistance
a: Renounce Religion, Heroism


You were on level 7 of the Dungeon.
You worshipped Okawaru.
Okawaru was aware of your devotion.
You visited 2 branches of the dungeon, and saw 9 of its levels.
You also visited: Ossuary.

You collected 443 gold pieces.

Inventory:

Hand Weapons
 a - a +0 mace
 b - a +0 morningstar (weapon)
 M - a +4 flail
Missiles
 p - 16 javelins
 u - 20 poisoned darts (quivered)
Armour
 m - a +0 scale mail
 o - a +0 pair of gloves (worn)
 y - a +0 cloak (worn)
 B - a +2 hat (worn)
 C - a +0 pair of boots (worn)
 K - a +0 chain mail (worn)
Jewellery
 r - an amulet of magic regeneration
 w - a +6 ring of strength (left hand)
 x - a +6 ring of dexterity (right hand)
 I - a +6 ring of strength
 N - an amulet of guardian spirit
Wands
 g - a wand of digging (3)
 L - a wand of flame (14)
Scrolls
 c - 3 scrolls of fog
 d - a scroll of magic mapping
 e - 2 scrolls of fear
 h - a scroll of enchant weapon {unknown}
 l - a scroll of amnesia {unknown}
 n - 8 scrolls of identify
 q - 3 scrolls of teleportation
 t - 3 scrolls of immolation {unknown}
 D - a scroll of blinking {unknown}
Potions
 f - 5 potions of haste
 i - a potion of brilliance {unknown}
 j - 6 potions of curing {unknown}
 k - 3 potions of attraction {unknown}
 s - a potion of invisibility {unknown}
 v - 3 potions of lignification {unknown}
 z - 3 potions of mutation {unknown}
 A - 2 potions of might
 E - 3 potions of cancellation {unknown}
 F - 2 potions of heal wounds {unknown}
 G - a potion of magic {unknown}
 H - a potion of berserk rage {unknown}
 J - a potion of resistance {unknown}


   Skills:
 * Level 8.8 Fighting
 + Level 8.8 Maces & Flails
 - Level 1.0 Throwing
 + Level 6.9 Armour
 - Level 2.0 Dodging
 - Level 5.4 Stealth


You had 8 spell levels left.
You didn't know any spells.
Your spell library contained the following spells:

 Spells                   Type           Power      Damage    Failure   Level
 Borgnjor's Revivificati  Necr           0%         N/A       100%        8
 Necromutation            Tmut/Necr      0%         N/A       100%        8
 Death's Door             Necr           0%         N/A       100%        9


Dungeon Overview and Level Annotations

Branches:
Dungeon (8/15)             Temple (1/1) D:7         Ossuary (visited)
   Lair: D:8-11

Altars:
Cheibriados
Elyvilon
Fedhas
Gozag
Hepliaklqana
Kikubaaqudgha
Makhleb
Nemelex Xobeh
Okawaru
Qazlal
Wu Jian
Yredelemnul
The Shining One

Shops:
D:2 :   D:6 :

Annotations:
D:6 2 runed translucent doors, Gelion's ghost, novice MiFi


Innate Abilities, Weirdness & Mutations

You are immune to sickness and miasma.
Your stone body is resilient. (AC +6)
You are immune to poison.
You resist negative energy. (rN+)
You are resistant to electric shocks. (rElec)
You are resistant to unholy torment.
You are immune to petrification.


Message History

As you read the scroll of fear, it crumbles to dust.
You assume a fearsome visage.
The efreet looks frightened!
The efreet screams, "Help!"
Unknown command.
Items here: )))) [[[[ ††.
The orc warrior unwields a +0 scimitar.
The orc warrior wields a +0 arbalest.
The orc warrior shoots a bolt.
The bolt hits you but does no damage.
You hear a bellow!
You hear a bellow! x2
The orc warrior shoots a bolt.
The bolt hits you but does no damage.
A white ugly thing comes into view.
The white ugly thing gurgles horribly!
The orc warrior shoots a bolt.
The bolt barely misses you.
Throw: 21 darts (poison)
Press: ? - help, Q - select action, (/) - cycle Shift-Dir - straight line, f - white ugly thing
Aim: a white ugly thing (64% to hit)
You throw a poisoned dart.
The poisoned dart hits the white ugly thing.
The white ugly thing is poisoned.
The orc warrior shoots a bolt.
The bolt hits you!
The orc warrior shoots a bolt.
The bolt barely misses you.
There is a stone staircase leading up here.
The white ugly thing trunk-slaps you but does no damage.
You climb upwards.
There is a stone staircase leading down here.
Unknown command.
Unknown command.
Unknown command.
You bludgeon the white ugly thing!!
The white ugly thing is moderately wounded.
The white ugly thing looks more healthy.
The white ugly thing trunk-slaps you! The white ugly thing freezes you!!
* * * LOW HITPOINT WARNING * * *
Unknown command.
You hit the white ugly thing.
The white ugly thing is moderately wounded.
The white ugly thing trunk-slaps you!
* * * LOW HITPOINT WARNING * * *
The white ugly thing freezes you!!
You die...

##########.#
#.......##.#
♣♣########.##.#
♣♣.#..## #.##.#
♣♣♣......####.##.#
.♣.P.....##......#
♣.♣..#....#.#.##.#
♣♣♣♣♣##.#.#.#.##.#
#........u@#
#######.#.#.8.####
#..#.#..#.#.>.#
.)......#.#.8.#
#..#.##.#.#.#.#
#..#.##.......#
#....##.#.#.###
#######.#.#.#
#.....#.#.#.#


You could see a white ugly thing.

Vanquished Creatures
  Prince Ribbit (D:6)
  A wyvern (D:8)
  2 yaks (D:8)
  A water moccasin (D:7)
  An ice beast (D:5)
  An orc warrior (D:7)
  Duvessa (D:6)
  A black bear (D:5)
  A kobold brigand (D:6)
  A bullfrog (D:7)
  3 scorpions
  A gnoll sergeant (D:7)
  3 water moccasin zombies (Ossuary)
  8 wights
  Dowan (D:6)
  2 howler monkeys (D:7)
  4 jellies
  3 orc priests
  2 hounds
  Crazy Yiuf (D:7)
  An iguana (D:5)
  A sleepcap (D:5)
  3 orc wizards
  2 mummies (Ossuary)
  3 adders
  8 gnolls
  4 white imps
  7 adder zombies (Ossuary)
  2 dart slugs
  22 orcs
  4 bats
  6 endoplasms
  3 giant cockroaches
  9 goblins
  9 hobgoblins
  10 kobolds
  3 quokkas
  7 ball pythons
  2 frilled lizards
  A goblin zombie (D:6)
  3 hobgoblin zombies (Ossuary)
  4 kobold zombies (Ossuary)
  6 rats
  A rat zombie (D:6)
160 creatures vanquished.

Vanquished Creatures (others)
  2 fungi (D:7)
  A plant (Temple)
3 creatures vanquished.

Grand Total: 163 creatures vanquished

Notes
Turn   | Place    | Note
-------+----------+-------------------------------------------
     0 | D:5      | dialectric the Gargoyle Delver began the quest for the Orb.
     0 | D:5      | Reached XP level 1. HP: 14/14 MP: 1/1
   680 | D:3      | Reached XP level 2. HP: 16/19 MP: 2/2
  1055 | D:2      | Found Keireb's Book Shoppe.
  1146 | D:2      | Reached XP level 3. HP: 22/23 MP: 3/3
  1245 | D:2      | Reached skill level 1 in Armour
  1659 | D:1      | Found a faded altar of an unknown god.
  2415 | D:1      | Reached XP level 4. HP: 29/29 MP: 4/4
  3638 | D:3      | Reached XP level 5. HP: 31/33 MP: 5/5
  4330 | D:5      | Reached XP level 6. HP: 39/39 MP: 6/6
  4413 | D:6      | Found a runed translucent door.
  4532 | D:6      | Found a sand-covered staircase.
  4552 | Ossuary  | Entered an ossuary
  4582 | Ossuary  | Reached skill level 5 in Maces & Flails
  4633 | Ossuary  | Reached skill level 5 in Fighting
  4633 | Ossuary  | Reached skill level 1 in Throwing
  4633 | Ossuary  | Reached XP level 7. HP: 38/44 MP: 7/7
  4944 | D:6      | Noticed Gelion's ghost (novice MiFi)
  4949 | D:6      | Noticed Prince Ribbit
  4959 | D:6      | Killed Prince Ribbit
  5036 | D:6      | Found a runed translucent door.
  5057 | D:6      | Noticed Dowan
  5058 | D:6      | Noticed Duvessa
  5068 | D:6      | Killed Duvessa
  5069 | D:6      | Reached XP level 8. HP: 48/52 MP: 8/8
  5077 | D:6      | Killed Dowan
  5256 | D:6      | Found Beweskul's Tiny Tomes.
  5332 | D:6      | Reached skill level 5 in Armour
  6582 | D:7      | Reached XP level 9. HP: 14/58 MP: 9/9
  7520 | D:7      | Found a hazy altar of Hepliaklqana.
  7616 | D:7      | Found a staircase to the Ecumenical Temple.
  7622 | D:7      | Found a runed translucent door.
  7623 | D:7      | Noticed Crazy Yiuf
  7629 | D:7      | Killed Crazy Yiuf
  7794 | Temple   | Entered the Ecumenical Temple
  7894 | Temple   | Became a worshipper of Warmaster Okawaru
  8116 | D:8      | Reached * piety under Okawaru
  8230 | D:8      | Noticed an efreet
  8246 | D:8      | Noticed a white ugly thing
  8254 | D:7      | HP: 2/60 [white ugly thing (9)]
  8254 | D:7      | Annihilated by a white ugly thing

Illustrated notes

Levels and vault maps discovered:
D:1:      ncdulo_smallfort, layout_basic, hellmonk_ecumenical_altar_arch_garden
D:2:      layout_loops_ring, serial_shops, shop
D:3:      minmay_general_purpose_star, layout_loops_corners,
          chequers_serial_rivers_large_a, st_stairs_9,
          chequers_serial_rivers_large_b
D:4:      layout_layer_cave, saegor_snake_ambush
D:5:      minmay_evil_eye, layout_loops_corners, hellmonk_bongcloud_opening
D:6:      layout_basic, ebering_ghost_sewer_f, enter_ossuary_4,
          nicolae_shop_i_like_small_books_too, uniq_duvessa, uniq_prince_ribbit1
D:7:      mumra_celtic_spiral_tile, layout_basic, mainiacjoe_overflow_brackets,
          temple_statues, uniq_crazy_yiuf_cottage
D:8:      minmay_curly_fans, layout_loops_ring, enter_bailey_5
Temple:   mainiacjoe_temple_circle_huts

Skill      XL: |  1  2  3  4  5  6  7  8  9 |
---------------+----------------------------+-----
Dodging        | 2 |  2.0
Armour         | 1 2 3 4 5 6 |  6.9
Maces & Flails | 3 4 5 7 8 |  8.8
Fighting       | 4 5 6 7 8 |  8.8
Throwing       | 1 |  1.0
Stealth        | |  5.4

Action                     |  1- 3 |  4- 6 |  7- 9 || total
---------------------------+-------+-------+-------++-------
  Melee: Mace              |   158 |    73 |       ||   231
         Punch             |       |     3 |     2 ||     5
         Morningstar       |       |    80 |   291 ||   371
  Throw: Dart              |       |    14 |     8 ||    22
    Use: Scroll            |       |     1 |     2 ||     3
         Potion            |       |       |     2 ||     2
   Stab: Sleeping          |     4 |     5 |     4 ||    13
 Armour: Leather armour    |     9 |       |       ||     9
         Scale mail        |    75 |   105 |   133 ||   313
         Chain mail        |       |       |    69 ||    69
  Dodge: Dodged            |   101 |    89 |   154 ||   344
